AoeStats
← Sgt. Love

MegaRandom

508077704Analyzed
4v4 RM · 10d ago on Sep 20, 2026· 17m 55s· 8 players
Game mode
Random Map
Map size
Large (8 player)
Population
200
Speed
Normal
Resources
Standard
Victory
Conquest
Starting age
Dark Age
Ending age
Imperial Age
RankedLock teamsTeams togetherTeam positionsShared explorationLock speedFull tech treeHidden civsTurbo modeCheats
Victory
Defeat
🇩🇪 Italians · Germany
1617
+15
🇩🇪 Portuguese · Germany
1598
+16
🇩🇪 Magyars · Germany
1579
+17
🇩🇪 Chinese · Germany
1485
+21
🇩🇪 Huns · Germany
1705
-22
🇺🇸 Berbers · United States
1581
-17
🇸🇪 Bulgarians · Sweden
1574
-16
🇩🇪 Spanish · Germany
1528
-14
Vicky R
6:18 Loom
8:50 Feudal Age
9:22 Double-Bit Axe
9:18 Horse Collar
11:54 Horse Collar
14:24 Scale Barding Armor
16:18 Forging
19:04 Wheelbarrow
Chili
0:36 Loom
9:01 Feudal Age
13:15 Fletching
16:33 Padded Archer Armor
18:17 Double-Bit Axe
chrizbee
7:08 Loom
9:15 Feudal Age
9:45 Double-Bit Axe
9:41 Horse Collar
13:55 Scale Barding Armor
15:27 Town Watch
MyNameIsLassen
6:53 Loom
9:21 Feudal Age
12:50 Fletching
14:37 Town Watch
15:38 Padded Archer Armor
Sgt. Love
7:55 Loom
10:05 Feudal Age
10:44 Double-Bit Axe
11:06 Town Watch
14:17 Scale Barding Armor
LM | RenLo
6:59 Loom
9:25 Feudal Age
11:47 Double-Bit Axe
16:28 Fletching
17:09 Padded Archer Armor
YOGRANNYCANTSCRAP
6:04 Loom
9:42 Feudal Age
15:25 Fletching
Hanserino
10:22 Feudal Age
8:42 Loom
10:28 Feudal Age
12:02 Double-Bit Axe
15:31 Castle Age
14:08 Fishing Lines
15:50 Scale Barding Armor
16:29 Bloodlines
Connection lost

Rejoining the realm…

Still unreachable

The connection could not be restored.

Session expired

The server has moved on; the page needs a fresh start.